Login

Toronto Maple Leafs vs Florida Panthers

Created - April 25, 2024 at 21:42

Goals
1 2 3 T
Toronto Maple Leafs 1 1 0 2
Florida Panthers 2 1 0 3
Shots
1 2 3 T
Toronto Maple Leafs 7 19 12 38
Florida Panthers 12 8 8 28

GoalsPenalties
1st period
1. Florida Panthers , Andrei Kuzmenko 1 (Steven Stamkos 1, Connor Hellebuyck) at 5:07 (PP)
2. Toronto Maple Leafs , Mats Zuccarello 1 (Justin Schultz 2, Brayden Point 2) at 8:53
3. Florida Panthers , Adrian Kempe 1 (Josh Morrissey 1, Timo Meier 2) at 13:37
Nick Suzuki (TOR) for Hooking (Minor) at 3:53
2nd period
4. Toronto Maple Leafs , Brady Tkachuk 1 (Brayden Point 3) at 7:05 (PP)
5. Florida Panthers , Josh Morrissey 1 (Steven Stamkos 2, Roman Josi 1) at 13:37 (PP)
Erik Karlsson (FLA) for Hooking (Minor) at 6:55
Adam Larsson (TOR) for Tripping (Minor) at 10:15
Paul Cotter (TOR) for High sticking (Minor) at 12:55
3rd period
No Goal
Steven Stamkos (FLA) for Holding (Minor) at 1:28
Erik Karlsson (FLA) for High sticking (Minor) at 7:08
Devon Toews (FLA) for Slashing (Minor) at 10:05
Noah Dobson (TOR) for Holding Stick (Minor) at 11:22
Erik Karlsson (FLA) for Hooking (Minor) at 17:34
Goalie Stats
Thatcher Demko (TOR), 25 saves from 28 shots - (0.893), L, 1-1-0, 59:00 minutes
Connor Hellebuyck (FLA), 36 saves from 38 shots - (0.947), W, 1-1-0, 60:00 minutes
3 StarsOfficial
1 - Connor Hellebuyck (FLA)
2 - Josh Morrissey (FLA)
3 - Adrian Kempe (FLA)
Referees : Unknown
Linesman : Unknown
Game Note
No Game Note
Finance
Level 1 -- Attendance: 6000 (100.00%) -- Ticket Income $480,000
Level 2 -- Attendance: 5000 (100.00%) -- Ticket Income $250,000
Level 3 -- Attendance: 2000 (100.00%) -- Ticket Income $56,000
Level 4 -- Attendance: 4000 (100.00%) -- Ticket Income $60,000
Luxury Box -- Attendance: 1000 (100.00%) -- Ticket Income $150,000
Game was played at the BBT Center.
Total Attendance: 18000 (100.00%)
Total Ticket Income: $996,000
Total Income: $996,000



Team Name Goals Shots Shots Attemp Shots Blocked PIM HIT PP PK FO%
Toronto Maple Leafs 2386188221 / 5 (20%)242%
Florida Panthers 32858410132 / 4 (50%)158%

Toronto Maple Leafs
Player Name POS G A P +/- PIM HIT SHT SB MP PP MP PP SHT PK MP PK SHT FO% FOT
Adam LarssonD000-1230221:070:0002:1000% 0
Alex PietrangeloD000-1021126:303:2812:5600% 0
Andrew MangiapaneLW/RW0000013014:423:3920:00050% 2
Barrett HaytonC/LW/RW0000033020:413:3903:52044% 18
Blake ColemanC/LW/RW0000012012:230:0001:20043% 14
Brady TkachukLW1010024020:193:4510:270100% 1
Brayden PointC/RW0220001021:123:4500:54034% 29
Danton HeinenC/LW/RW000000106:380:0000:0000% 0
Justin SchultzD0111010115:593:2800:0000% 0
Mathieu JosephLW/RW0000013014:540:0003:5100% 0
Mats ZuccarelloLW/RW1010004019:473:5610:0000% 0
Matt BenningD0001012114:470:0002:1600% 0
Nick SuzukiC/RW0000204017:203:4520:00058% 12
Nicolas DeslauriersLW000002016:380:0000:0000% 0
Noah DobsonD0000213219:583:5500:5000% 0
Paul CotterC/LW000021206:370:0000:00022% 9
Rickard RakellLW0000004016:493:3900:00067% 3
Ryan McDonaghD0000031017:410:0002:1210% 0
Florida Panthers
Player Name POS G A P +/- PIM HIT SHT SB MP PP MP PP SHT PK MP PK SHT FO% FOT
Adrian KempeLW/RW1011014020:032:3203:53250% 2
Andrei KuzmenkoLW/RW101-1012116:402:4010:0000% 1
Brenden DillonD0000021014:130:0003:5900% 0
Devon ToewsD0000240121:430:0002:3900% 0
Erik KarlssonD0000600020:162:0000:3000% 0
Evan BouchardD0000001114:290:0003:5900% 0
J.T. CompherC/LW/RW000001004:520:0000:0000% 0
Jean-Gabriel PageauC000000009:250:1403:53059% 17
Joel Eriksson EkC/LW0000002017:430:0003:310100% 1
Jordan StaalC0000000017:430:0003:31069% 16
Josh MorrisseyD1120012122:493:1210:1600% 0
Mika ZibanejadC0001006015:382:0040:00047% 19
Reilly SmithLW/RW0000002016:122:2600:00067% 3
Roman JosiD0110015024:263:1233:2500% 0
Steven StamkosC/RW022-1221017:212:4010:00065% 23
Timo MeierLW/RW0111001016:522:3200:000100% 1
Tomas HertlC/LW/RW000-1000016:322:3200:00020% 5
William CarrierLW000000104:520:0000:0000% 0

Toronto Maple Leafs

5 vs 5 Forward
Line #Left WingCenterRight WingPHYDFOFWanted %Time %Time Play
1Brady TkachukBrayden PointMats Zuccarello1133533%15:25
2Rickard RakellNick SuzukiBarrett Hayton1223028%13:10
3Andrew MangiapaneBlake ColemanMathieu Joseph1222524%11:03
4Nicolas DeslauriersPaul CotterDanton Heinen2211014%6:38
5 vs 5 Defense
Line #DefenseDefensePHYDFOFWanted %Time %Time Play
1Adam LarssonAlex Pietrangelo1223535%16:11
2Ryan McDonaghNoah Dobson1223032%14:47
3Justin SchultzMatt Benning1222527%12:31
4Adam LarssonAlex Pietrangelo122106%2:47
Power Play Forward
Line #Left WingCenterRight WingPHYDFOFWanted %Time %Time Play
1Brady TkachukBrayden PointNick Suzuki0146051%3:45
2Rickard RakellBarrett HaytonAndrew Mangiapane0144049%3:39
Power Play Defense
Line #DefenseDefensePHYDFOFWanted %Time %Time Play
1Mats ZuccarelloNoah Dobson0236053%3:56
2Justin SchultzAlex Pietrangelo0234047%3:28
Penalty Kill 4 Players Forward
Line #CenterWingPHYDFOFWanted %Time %Time Play
1Barrett HaytonMathieu Joseph0416084%4:22
2Brayden PointBlake Coleman0414016%0:50
Penalty Kill 4 Players Defense
Line #DefenseDefensePHYDFOFWanted %Time %Time Play
1Adam LarssonAlex Pietrangelo0506058%3:00
2Ryan McDonaghMatt Benning0504042%2:12
Penalty Kill 3 Players
Line #WingPHYDFOFWanted %Time %Time PlayDefenseDefensePHYDFOFWanted %Time %Time Play
1Barrett Hayton050600%0:00 Matt BenningAdam Larsson050600%0:00
2Mathieu Joseph050400%0:00 Ryan McDonaghAlex Pietrangelo050400%0:00
4 vs 4 Forward
Line #CenterWingPHYDFOFWanted %Time %Time Play
1Brayden PointBrady Tkachuk12260100%0:42
2Barrett HaytonMats Zuccarello122400%0:00
4 vs 4 Defense
Line #DefensePHYDFOFWanted %Time %Time Play
1Ryan McDonaghAlex Pietrangelo12260100%60% - 0:42
2Adam LarssonMatt Benning122400%40% - 0:00
Last Minutes Offensive
Left WingCenterRight WingDefenseDefense
Nick SuzukiBrayden PointMats ZuccarelloNoah DobsonAlex Pietrangelo
Last Minutes Defensive
Left WingCenterRight WingDefenseDefense
Blake ColemanBarrett HaytonMathieu JosephRyan McDonaghAlex Pietrangelo
Time
Total ForwardTotal DefenseLast Minutes OffensiveLast Minutes Defensive
60:00 60:00 0:260:00
Extra Forwards
Normal PowerPlayPenalty Kill
Barrett Hayton, Mats Zuccarello, Blake ColemanMathieu Joseph, Andrew MangiapaneBrayden Point
Extra Defensemen
Normal PowerPlayPenalty Kill
Alex Pietrangelo, Matt Benning, Noah DobsonAlex Pietrangelo, Noah DobsonAlex Pietrangelo
Penalty Shots
Brayden Point, Blake Coleman, Mats Zuccarello, Brady Tkachuk, Nick Suzuki
Goalie
Thatcher Demko, Elvis Merzlikins
Scratches
TOR Cap Hit (Suspend)

Florida Panthers

5 vs 5 Forward
Line #Left WingCenterRight WingPHYDFOFWanted %Time %Time Play
1Timo MeierMika ZibanejadAdrian Kempe0323029%13:38
2Tomas HertlSteven StamkosAndrei Kuzmenko0143030%14:00
3Joel Eriksson EkJordan StaalReilly Smith0323030%13:46
4William CarrierJean-Gabriel PageauJ.T. Compher0321011%4:52
5 vs 5 Defense
Line #DefenseDefensePHYDFOFWanted %Time %Time Play
1Roman JosiErik Karlsson0324039%17:49
2Devon ToewsJosh Morrissey0324040%18:39
3Evan BouchardBrenden Dillon0412021%9:48
4Roman JosiErik Karlsson03200%0:00
Power Play Forward
Line #Left WingCenterRight WingPHYDFOFWanted %Time %Time Play
1Adrian KempeTomas HertlTimo Meier0056049%2:32
2Reilly SmithSteven StamkosAndrei Kuzmenko0054051%2:40
Power Play Defense
Line #DefenseDefensePHYDFOFWanted %Time %Time Play
1Mika ZibanejadErik Karlsson0056038%2:00
2Roman JosiJosh Morrissey0054062%3:12
Penalty Kill 4 Players Forward
Line #CenterWingPHYDFOFWanted %Time %Time Play
1Jordan StaalJoel Eriksson Ek0505048%3:31
2Jean-Gabriel PageauAdrian Kempe0505052%3:53
Penalty Kill 4 Players Defense
Line #DefenseDefensePHYDFOFWanted %Time %Time Play
1Devon ToewsRoman Josi0505046%3:25
2Evan BouchardBrenden Dillon0505054%3:59
Penalty Kill 3 Players
Line #WingPHYDFOFWanted %Time %Time PlayDefenseDefensePHYDFOFWanted %Time %Time Play
1Jordan Staal050500%0:00 Devon ToewsRoman Josi050500%0:00
2Jean-Gabriel Pageau050500%0:00 Evan BouchardBrenden Dillon050500%0:00
4 vs 4 Forward
Line #CenterWingPHYDFOFWanted %Time %Time Play
1Mika ZibanejadAdrian Kempe032500%0:00
2Steven StamkosTimo Meier03250100%0:42
4 vs 4 Defense
Line #DefensePHYDFOFWanted %Time %Time Play
1Erik KarlssonRoman Josi032500%50% - 0:00
2Josh MorrisseyDevon Toews03250100%50% - 0:42
Last Minutes Offensive
Left WingCenterRight WingDefenseDefense
Timo MeierMika ZibanejadAdrian KempeRoman JosiErik Karlsson
Last Minutes Defensive
Left WingCenterRight WingDefenseDefense
Joel Eriksson EkJordan StaalJean-Gabriel PageauDevon ToewsBrenden Dillon
Time
Total ForwardTotal DefenseLast Minutes OffensiveLast Minutes Defensive
60:00 60:00 0:000:26
Extra Forwards
Normal PowerPlayPenalty Kill
Jean-Gabriel Pageau, Jordan Staal, William CarrierJoel Eriksson Ek, Jean-Gabriel PageauWilliam Carrier
Extra Defensemen
Normal PowerPlayPenalty Kill
Devon Toews, Evan Bouchard, Brenden DillonDevon Toews, Josh MorrisseyErik Karlsson
Penalty Shots
Andrei Kuzmenko, Adrian Kempe, Joel Eriksson Ek, Steven Stamkos, Mika Zibanejad
Goalie
Connor Hellebuyck, Jaroslav Halak
Scratches
Seth Jarvis (Healthy), FLA Cap Hit (Suspend), Shane Pinto (Healthy)


Play-by-Play

1st period


0:01 of 1st period - Brayden Point wins face-off versus Mika Zibanejad in neutral zone.
0:32 of 1st period - Shot by Mika Zibanejad.
0:32 of 1st period - Stopped by Thatcher Demko without a rebound.
0:33 of 1st period - Steven Stamkos wins face-off versus Nick Suzuki in Toronto Maple Leafs zone.
0:36 of 1st period - Shot by Andrei Kuzmenko.
0:36 of 1st period - Shot Blocked by Noah Dobson.
0:39 of 1st period - Tomas Hertl is hit by Ryan McDonagh and loses puck.
0:58 of 1st period - Shot by Barrett Hayton.
0:58 of 1st period - Shot Misses the Net.
1:28 of 1st period - Shot by Andrew Mangiapane.
1:28 of 1st period - Shot Misses the Net.
1:32 of 1st period - Shot by Justin Schultz.
1:32 of 1st period - Shot Blocked by Josh Morrissey.
1:39 of 1st period - Icing by Josh Morrissey.
1:40 of 1st period - Steven Stamkos wins face-off versus Paul Cotter in Florida Panthers zone.
1:40 of 1st period - Steven Stamkos is hit by Nicolas Deslauriers.
1:45 of 1st period - Josh Morrissey is hit by Adam Larsson and loses puck.
2:04 of 1st period - Shot by Brenden Dillon.
2:04 of 1st period - Stopped by Thatcher Demko without a rebound.
2:05 of 1st period - Blake Coleman wins face-off versus Jean-Gabriel Pageau in Toronto Maple Leafs zone.
2:05 of 1st period - Blake Coleman is hit by J.T. Compher.
2:16 of 1st period - Off-side.
2:17 of 1st period - Jordan Staal wins face-off versus Brayden Point in neutral zone.
3:12 of 1st period - Shot by Mathieu Joseph.
3:12 of 1st period - Shot Misses the Net.
3:14 of 1st period - Shot by Andrew Mangiapane.
3:14 of 1st period - Shot Misses the Net.
3:53 of 1st period - Minor Penalty to Nick Suzuki for Hooking.
3:54 of 1st period - Barrett Hayton wins face-off versus Tomas Hertl in Toronto Maple Leafs zone.
4:05 of 1st period - Shot by Mika Zibanejad.
4:05 of 1st period - Shot Misses the Net.
4:07 of 1st period - Shot by Mika Zibanejad.
4:07 of 1st period - Stopped by Thatcher Demko without a rebound.
4:08 of 1st period - Barrett Hayton wins face-off versus Tomas Hertl in Toronto Maple Leafs zone.
4:29 of 1st period - Shot by Josh Morrissey.
4:29 of 1st period - Shot Misses the Net.
4:35 of 1st period - Shot by Roman Josi.
4:35 of 1st period - Stopped by Thatcher Demko with a rebound.
5:07 of 1st period - Shot by Andrei Kuzmenko.
5:07 of 1st period - Goal by Andrei Kuzmenko - Toronto Maple Leafs : 0 - Florida Panthers : 1.
5:08 of 1st period - Jean-Gabriel Pageau wins face-off versus Brayden Point in neutral zone.
6:13 of 1st period - Shot by Andrei Kuzmenko.
6:13 of 1st period - Stopped by Thatcher Demko without a rebound.
6:14 of 1st period - Mika Zibanejad wins face-off versus Barrett Hayton in Toronto Maple Leafs zone.
6:17 of 1st period - Shot by Adrian Kempe.
6:17 of 1st period - Stopped by Thatcher Demko without a rebound.
6:18 of 1st period - Mika Zibanejad wins face-off versus Rickard Rakell in Toronto Maple Leafs zone.
6:34 of 1st period - Icing by Adam Larsson.
6:35 of 1st period - Nick Suzuki wins face-off versus Jordan Staal in Toronto Maple Leafs zone.
8:34 of 1st period - Off-side.
8:35 of 1st period - Steven Stamkos wins face-off versus Brayden Point in neutral zone.
8:53 of 1st period - Shot by Mats Zuccarello.
8:53 of 1st period - Goal by Mats Zuccarello - Toronto Maple Leafs : 1 - Florida Panthers : 1.
8:54 of 1st period - Jordan Staal wins face-off versus Paul Cotter in neutral zone.
9:09 of 1st period - Shot by Evan Bouchard.
9:09 of 1st period - Stopped by Thatcher Demko with a rebound.
9:11 of 1st period - Shot by Evan Bouchard.
9:11 of 1st period - Shot Misses the Net.
9:13 of 1st period - Shot by Reilly Smith.
9:13 of 1st period - Shot Misses the Net.
9:17 of 1st period - Shot by Joel Eriksson Ek.
9:17 of 1st period - Shot Misses the Net.
9:19 of 1st period - Shot by Reilly Smith.
9:19 of 1st period - Deflect By Joel Eriksson Ek.
9:19 of 1st period - Shot Misses the Net.
9:47 of 1st period - Paul Cotter is hit by Devon Toews and loses puck.
10:46 of 1st period - Nick Suzuki is hit by Andrei Kuzmenko and loses puck.
11:19 of 1st period - Shot by Barrett Hayton.
11:19 of 1st period - Shot Misses the Net.
11:21 of 1st period - Shot by Rickard Rakell.
11:21 of 1st period - Shot Misses the Net.
11:23 of 1st period - Shot by Rickard Rakell.
11:23 of 1st period - Stopped by Connor Hellebuyck with a rebound.
11:40 of 1st period - Shot by Adrian Kempe.
11:40 of 1st period - Shot Misses the Net.
11:42 of 1st period - Shot by Roman Josi.
11:42 of 1st period - Shot Misses the Net.
11:44 of 1st period - Shot by Roman Josi.
11:44 of 1st period - Stopped by Thatcher Demko without a rebound.
11:45 of 1st period - Jean-Gabriel Pageau wins face-off versus Blake Coleman in Toronto Maple Leafs zone.
11:45 of 1st period - Evan Bouchard is hit by Justin Schultz and loses puck.
13:21 of 1st period - Icing by Adam Larsson.
13:22 of 1st period - Mika Zibanejad wins face-off versus Brayden Point in Toronto Maple Leafs zone.
13:35 of 1st period - Shot by Timo Meier.
13:35 of 1st period - Shot Blocked by Adam Larsson.
13:37 of 1st period - Shot by Josh Morrissey.
13:37 of 1st period - Deflect By Adrian Kempe.
13:37 of 1st period - Goal by Adrian Kempe - Toronto Maple Leafs : 1 - Florida Panthers : 2.
13:38 of 1st period - Barrett Hayton wins face-off versus Steven Stamkos in neutral zone.
14:01 of 1st period - Off-side.
14:02 of 1st period - Blake Coleman wins face-off versus Mika Zibanejad in neutral zone.
14:05 of 1st period - Shot by Andrew Mangiapane.
14:05 of 1st period - Deflect By Blake Coleman.
14:05 of 1st period - Stopped by Connor Hellebuyck without a rebound.
14:06 of 1st period - Blake Coleman wins face-off versus Mika Zibanejad in Florida Panthers zone.
15:08 of 1st period - Erik Karlsson is hit by Barrett Hayton and loses puck.
15:20 of 1st period - Icing by Andrei Kuzmenko.
15:21 of 1st period - Brayden Point wins face-off versus Andrei Kuzmenko in Florida Panthers zone.
16:03 of 1st period - Shot by Mats Zuccarello.
16:03 of 1st period - Stopped by Connor Hellebuyck with a rebound.
16:23 of 1st period - Icing by Alex Pietrangelo.
16:24 of 1st period - Brayden Point wins face-off versus Mika Zibanejad in Toronto Maple Leafs zone.
16:56 of 1st period - Barrett Hayton is hit by Adrian Kempe.
17:44 of 1st period - Shot by Mathieu Joseph.
17:44 of 1st period - Stopped by Connor Hellebuyck without a rebound.
17:45 of 1st period - Paul Cotter wins face-off versus Jean-Gabriel Pageau in Florida Panthers zone.
18:03 of 1st period - Off-side.
18:04 of 1st period - Steven Stamkos wins face-off versus Blake Coleman in neutral zone.
18:17 of 1st period - Shot by Josh Morrissey.
18:17 of 1st period - Stopped by Thatcher Demko without a rebound.
18:18 of 1st period - Mika Zibanejad wins face-off versus Brayden Point in Toronto Maple Leafs zone.
19:04 of 1st period - Roman Josi is hit by Ryan McDonagh and loses puck.
19:17 of 1st period - Shot by Reilly Smith.
19:17 of 1st period - Stopped by Thatcher Demko without a rebound.
19:18 of 1st period - Nick Suzuki wins face-off versus Reilly Smith in Toronto Maple Leafs zone.
19:33 of 1st period - Shot by Rickard Rakell.
19:33 of 1st period - Stopped by Connor Hellebuyck without a rebound.
19:34 of 1st period - Blake Coleman wins face-off versus Steven Stamkos in Florida Panthers zone.
19:37 of 1st period - Shot by Matt Benning.
19:37 of 1st period - Stopped by Connor Hellebuyck without a rebound.
19:38 of 1st period - Jordan Staal wins face-off versus Blake Coleman in Florida Panthers zone.
Goals for this period are 1 for Toronto Maple Leafs vs 2 for Florida Panthers.
Shots for this period are 7 for Toronto Maple Leafs vs 12 for Florida Panthers.

2nd period


0:01 of 2nd period - Nick Suzuki wins face-off versus Steven Stamkos in neutral zone.
1:23 of 2nd period - Shot by Joel Eriksson Ek.
1:23 of 2nd period - Shot Misses the Net.
1:26 of 2nd period - Icing by Blake Coleman.
1:27 of 2nd period - Blake Coleman wins face-off versus Mika Zibanejad in Toronto Maple Leafs zone.
2:51 of 2nd period - Josh Morrissey is hit by Adam Larsson and loses puck.
4:21 of 2nd period - Icing by Brenden Dillon.
4:22 of 2nd period - Steven Stamkos wins face-off versus Brayden Point in Florida Panthers zone.
4:43 of 2nd period - Icing by Ryan McDonagh.
4:44 of 2nd period - Mika Zibanejad wins face-off versus Brayden Point in Toronto Maple Leafs zone.
4:53 of 2nd period - Shot by Brayden Point.
4:53 of 2nd period - Shot Misses the Net.
4:55 of 2nd period - Shot by Brayden Point.
4:55 of 2nd period - Stopped by Connor Hellebuyck without a rebound.
4:56 of 2nd period - Jean-Gabriel Pageau wins face-off versus Blake Coleman in Florida Panthers zone.
5:04 of 2nd period - J.T. Compher is hit by Matt Benning and loses puck.
5:13 of 2nd period - Shot by Blake Coleman.
5:13 of 2nd period - Stopped by Connor Hellebuyck without a rebound.
5:14 of 2nd period - Mika Zibanejad wins face-off versus Brayden Point in Florida Panthers zone.
5:21 of 2nd period - Off-side.
5:22 of 2nd period - Paul Cotter wins face-off versus Mika Zibanejad in neutral zone.
5:26 of 2nd period - Justin Schultz is hit by Roman Josi and loses puck.
5:45 of 2nd period - Shot by Mika Zibanejad.
5:45 of 2nd period - Stopped by Thatcher Demko without a rebound.
5:46 of 2nd period - Jordan Staal wins face-off versus Brayden Point in Toronto Maple Leafs zone.
6:03 of 2nd period - Shot by Brady Tkachuk.
6:03 of 2nd period - Shot Misses the Net.
6:26 of 2nd period - Shot by Joel Eriksson Ek.
6:26 of 2nd period - Stopped by Thatcher Demko with a rebound.
6:28 of 2nd period - Shot by Reilly Smith.
6:28 of 2nd period - Stopped by Thatcher Demko without a rebound.
6:29 of 2nd period - Steven Stamkos wins face-off versus Blake Coleman in Toronto Maple Leafs zone.
6:32 of 2nd period - Shot by Tomas Hertl.
6:32 of 2nd period - Shot Misses the Net.
6:55 of 2nd period - Minor Penalty to Erik Karlsson for Hooking.
6:56 of 2nd period - Barrett Hayton wins face-off versus Jean-Gabriel Pageau in Florida Panthers zone.
6:59 of 2nd period - Shot by Alex Pietrangelo.
6:59 of 2nd period - Stopped by Connor Hellebuyck without a rebound.
7:00 of 2nd period - Jean-Gabriel Pageau wins face-off versus Brayden Point in Florida Panthers zone.
7:00 of 2nd period - Brenden Dillon is hit by Brady Tkachuk and loses puck.
7:05 of 2nd period - Shot by Brady Tkachuk.
7:05 of 2nd period - Goal by Brady Tkachuk - Toronto Maple Leafs : 2 - Florida Panthers : 2.
7:06 of 2nd period - Mika Zibanejad wins face-off versus Brayden Point in neutral zone.
7:23 of 2nd period - Shot by Brady Tkachuk.
7:23 of 2nd period - Stopped by Connor Hellebuyck without a rebound.
7:24 of 2nd period - Nick Suzuki wins face-off versus Steven Stamkos in Florida Panthers zone.
7:29 of 2nd period - Shot by Barrett Hayton.
7:29 of 2nd period - Stopped by Connor Hellebuyck without a rebound.
7:30 of 2nd period - Blake Coleman wins face-off versus Adrian Kempe in Florida Panthers zone.
7:58 of 2nd period - Shot by Adam Larsson.
7:58 of 2nd period - Shot Misses the Net.
8:00 of 2nd period - Shot by Andrew Mangiapane.
8:00 of 2nd period - Deflect By Mathieu Joseph.
8:00 of 2nd period - Stopped by Connor Hellebuyck with a rebound.
8:02 of 2nd period - Shot by Blake Coleman.
8:02 of 2nd period - Deflect By Andrew Mangiapane.
8:02 of 2nd period - Stopped by Connor Hellebuyck without a rebound.
8:03 of 2nd period - Steven Stamkos wins face-off versus Nick Suzuki in Florida Panthers zone.
10:00 of 2nd period - Shot by Adrian Kempe.
10:00 of 2nd period - Shot Misses the Net.
10:02 of 2nd period - Shot by Timo Meier.
10:02 of 2nd period - Shot Blocked by Adam Larsson.
10:09 of 2nd period - Mika Zibanejad is hit by Alex Pietrangelo and loses puck.
10:14 of 2nd period - Shot by Adrian Kempe.
10:14 of 2nd period - Shot Misses the Net.
10:15 of 2nd period - Minor Penalty to Adam Larsson for Tripping.
10:16 of 2nd period - Steven Stamkos wins face-off versus Barrett Hayton in Toronto Maple Leafs zone.
10:17 of 2nd period - Shot by Roman Josi.
10:17 of 2nd period - Stopped by Thatcher Demko without a rebound.
10:18 of 2nd period - Steven Stamkos wins face-off versus Barrett Hayton in Toronto Maple Leafs zone.
10:46 of 2nd period - Icing by Steven Stamkos.
10:47 of 2nd period - Steven Stamkos wins face-off versus Barrett Hayton in Florida Panthers zone.
10:56 of 2nd period - Shot by Steven Stamkos.
10:56 of 2nd period - Stopped by Thatcher Demko without a rebound.
10:57 of 2nd period - Barrett Hayton wins face-off versus Tomas Hertl in Toronto Maple Leafs zone.
11:22 of 2nd period - Shot by Mika Zibanejad.
11:22 of 2nd period - Stopped by Thatcher Demko without a rebound.
11:23 of 2nd period - Brayden Point wins face-off versus Steven Stamkos in Toronto Maple Leafs zone.
11:23 of 2nd period - Brayden Point is hit by Steven Stamkos.
11:38 of 2nd period - Icing by Roman Josi.
11:39 of 2nd period - Reilly Smith wins face-off versus Barrett Hayton in Florida Panthers zone.
12:22 of 2nd period - Shot by Danton Heinen.
12:22 of 2nd period - Stopped by Connor Hellebuyck without a rebound.
12:23 of 2nd period - Mika Zibanejad wins face-off versus Brayden Point in Florida Panthers zone.
12:27 of 2nd period - Brenden Dillon is hit by Ryan McDonagh and loses puck.
12:38 of 2nd period - Shot by Brady Tkachuk.
12:38 of 2nd period - Shot Blocked by Evan Bouchard.
12:46 of 2nd period - Shot by Brayden Point.
12:46 of 2nd period - Deflect By Brady Tkachuk.
12:46 of 2nd period - Stopped by Connor Hellebuyck with a rebound.
12:48 of 2nd period - Shot by Brayden Point.
12:48 of 2nd period - Shot Misses the Net.
12:50 of 2nd period - Shot by Noah Dobson.
12:50 of 2nd period - Stopped by Connor Hellebuyck without a rebound.
12:51 of 2nd period - Jean-Gabriel Pageau wins face-off versus Paul Cotter in Florida Panthers zone.
12:55 of 2nd period - Minor Penalty to Paul Cotter for High sticking.
12:56 of 2nd period - Barrett Hayton wins face-off versus Tomas Hertl in Toronto Maple Leafs zone.
13:19 of 2nd period - Shot by Mathieu Joseph.
13:19 of 2nd period - Shot Misses the Net.
13:21 of 2nd period - Shot by Ryan McDonagh.
13:21 of 2nd period - Stopped by Connor Hellebuyck without a rebound.
13:22 of 2nd period - Steven Stamkos wins face-off versus Brayden Point in Florida Panthers zone.
13:22 of 2nd period - Reilly Smith is hit by Blake Coleman and loses puck.
13:29 of 2nd period - Shot by Roman Josi.
13:29 of 2nd period - Stopped by Thatcher Demko without a rebound.
13:30 of 2nd period - Steven Stamkos wins face-off versus Barrett Hayton in Toronto Maple Leafs zone.
13:37 of 2nd period - Shot by Josh Morrissey.
13:37 of 2nd period - Goal by Josh Morrissey - Toronto Maple Leafs : 2 - Florida Panthers : 3.
13:38 of 2nd period - Steven Stamkos wins face-off versus Paul Cotter in neutral zone.
13:38 of 2nd period - Steven Stamkos is hit by Nicolas Deslauriers.
13:58 of 2nd period - Shot by Andrei Kuzmenko.
13:58 of 2nd period - Shot Blocked by Nicolas Deslauriers.
14:00 of 2nd period - Shot by Andrei Kuzmenko.
14:00 of 2nd period - Shot Misses the Net.
14:49 of 2nd period - Icing by Erik Karlsson.
14:50 of 2nd period - Jordan Staal wins face-off versus Blake Coleman in Florida Panthers zone.
14:55 of 2nd period - Shot by Blake Coleman.
14:55 of 2nd period - Shot Misses the Net.
14:57 of 2nd period - Shot by Adam Larsson.
14:57 of 2nd period - Shot Misses the Net.
15:52 of 2nd period - Icing by Devon Toews.
15:53 of 2nd period - Nick Suzuki wins face-off versus Mika Zibanejad in Florida Panthers zone.
16:12 of 2nd period - Shot by Rickard Rakell.
16:12 of 2nd period - Stopped by Connor Hellebuyck without a rebound.
16:13 of 2nd period - Brayden Point wins face-off versus Steven Stamkos in Florida Panthers zone.
16:32 of 2nd period - Shot by Noah Dobson.
16:32 of 2nd period - Stopped by Connor Hellebuyck without a rebound.
16:33 of 2nd period - Rickard Rakell wins face-off versus Mika Zibanejad in Florida Panthers zone.
16:33 of 2nd period - Rickard Rakell is hit by Devon Toews.
17:55 of 2nd period - Shot by Steven Stamkos.
17:55 of 2nd period - Shot Blocked by Alex Pietrangelo.
18:34 of 2nd period - Erik Karlsson is hit by Noah Dobson and loses puck.
18:46 of 2nd period - Shot by Andrew Mangiapane.
18:46 of 2nd period - Shot Misses the Net.
18:48 of 2nd period - Shot by Noah Dobson.
18:48 of 2nd period - Stopped by Connor Hellebuyck with a rebound.
18:50 of 2nd period - Shot by Mathieu Joseph.
18:50 of 2nd period - Shot Blocked by Andrei Kuzmenko.
18:52 of 2nd period - Shot by Mathieu Joseph.
18:52 of 2nd period - Stopped by Connor Hellebuyck without a rebound.
18:53 of 2nd period - Reilly Smith wins face-off versus Paul Cotter in Florida Panthers zone.
18:53 of 2nd period - Devon Toews is hit by Paul Cotter and loses puck.
19:02 of 2nd period - Shot by Paul Cotter.
19:02 of 2nd period - Stopped by Connor Hellebuyck without a rebound.
19:03 of 2nd period - Timo Meier wins face-off versus Paul Cotter in Florida Panthers zone.
19:29 of 2nd period - Shot by Paul Cotter.
19:29 of 2nd period - Shot Misses the Net.
19:31 of 2nd period - Shot by Paul Cotter.
19:31 of 2nd period - Stopped by Connor Hellebuyck without a rebound.
19:32 of 2nd period - Jordan Staal wins face-off versus Brayden Point in Florida Panthers zone.
19:32 of 2nd period - Jordan Staal is hit by Brady Tkachuk.
19:37 of 2nd period - Joel Eriksson Ek is hit by Adam Larsson and loses puck.
19:43 of 2nd period - Alex Pietrangelo is hit by Brenden Dillon.
19:51 of 2nd period - Shot by Mats Zuccarello.
19:51 of 2nd period - Stopped by Connor Hellebuyck without a rebound.
19:52 of 2nd period - Nick Suzuki wins face-off versus Jean-Gabriel Pageau in Florida Panthers zone.
19:55 of 2nd period - Shot by Nick Suzuki.
19:55 of 2nd period - Shot Misses the Net.
Goals for this period are 1 for Toronto Maple Leafs vs 1 for Florida Panthers.
Shots for this period are 19 for Toronto Maple Leafs vs 8 for Florida Panthers.

3rd period


0:01 of 3rd period - Jordan Staal wins face-off versus Brayden Point in neutral zone.
0:06 of 3rd period - Icing by Adam Larsson.
0:07 of 3rd period - Brayden Point wins face-off versus Jordan Staal in Toronto Maple Leafs zone.
1:12 of 3rd period - Shot by Barrett Hayton.
1:12 of 3rd period - Stopped by Connor Hellebuyck without a rebound.
1:13 of 3rd period - Tomas Hertl wins face-off versus Blake Coleman in Florida Panthers zone.
1:13 of 3rd period - Tomas Hertl is hit by Mathieu Joseph.
1:28 of 3rd period - Minor Penalty to Steven Stamkos for Holding.
1:29 of 3rd period - Jean-Gabriel Pageau wins face-off versus Barrett Hayton in Florida Panthers zone.
1:29 of 3rd period - Jean-Gabriel Pageau is hit by Andrew Mangiapane.
1:36 of 3rd period - Icing by Noah Dobson.
1:37 of 3rd period - Jean-Gabriel Pageau wins face-off versus Barrett Hayton in Toronto Maple Leafs zone.
1:48 of 3rd period - Adrian Kempe is hit by Barrett Hayton and loses puck.
2:36 of 3rd period - Alex Pietrangelo is hit by Brenden Dillon and loses puck.
4:42 of 3rd period - Icing by Devon Toews.
4:43 of 3rd period - Barrett Hayton wins face-off versus Mika Zibanejad in Florida Panthers zone.
4:54 of 3rd period - Shot by Nick Suzuki.
4:54 of 3rd period - Stopped by Connor Hellebuyck without a rebound.
4:55 of 3rd period - Brayden Point wins face-off versus Jordan Staal in Florida Panthers zone.
5:10 of 3rd period - Shot by Joel Eriksson Ek.
5:10 of 3rd period - Shot Blocked by Matt Benning.
5:13 of 3rd period - Icing by Matt Benning.
5:14 of 3rd period - Brayden Point wins face-off versus Steven Stamkos in Toronto Maple Leafs zone.
5:14 of 3rd period - Brayden Point is hit by Steven Stamkos.
5:20 of 3rd period - Shot by Brady Tkachuk.
5:20 of 3rd period - Stopped by Connor Hellebuyck with a rebound.
5:22 of 3rd period - Shot by Matt Benning.
5:22 of 3rd period - Stopped by Connor Hellebuyck without a rebound.
5:23 of 3rd period - Jordan Staal wins face-off versus Nick Suzuki in Florida Panthers zone.
5:44 of 3rd period - Shot by Barrett Hayton.
5:44 of 3rd period - Deflect By Rickard Rakell.
5:44 of 3rd period - Stopped by Connor Hellebuyck without a rebound.
5:45 of 3rd period - Mika Zibanejad wins face-off versus Blake Coleman in Florida Panthers zone.
6:10 of 3rd period - Shot by Timo Meier.
6:10 of 3rd period - Shot Misses the Net.
6:12 of 3rd period - Shot by Mika Zibanejad.
6:12 of 3rd period - Shot Blocked by Noah Dobson.
6:14 of 3rd period - Shot by Timo Meier.
6:14 of 3rd period - Stopped by Thatcher Demko with a rebound.
6:16 of 3rd period - Shot by Roman Josi.
6:16 of 3rd period - Stopped by Thatcher Demko without a rebound.
6:17 of 3rd period - Rickard Rakell wins face-off versus Jordan Staal in Toronto Maple Leafs zone.
6:55 of 3rd period - Shot by Barrett Hayton.
6:55 of 3rd period - Stopped by Connor Hellebuyck without a rebound.
6:56 of 3rd period - Brady Tkachuk wins face-off versus Steven Stamkos in Florida Panthers zone.
7:08 of 3rd period - Minor Penalty to Erik Karlsson for High sticking.
7:09 of 3rd period - Brayden Point wins face-off versus Jean-Gabriel Pageau in Florida Panthers zone.
8:03 of 3rd period - Off-side.
8:04 of 3rd period - Jordan Staal wins face-off versus Barrett Hayton in neutral zone.
8:13 of 3rd period - Joel Eriksson Ek is hit by Barrett Hayton and loses puck.
9:04 of 3rd period - Shot by Noah Dobson.
9:04 of 3rd period - Deflect By Nick Suzuki.
9:04 of 3rd period - Stopped by Connor Hellebuyck with a rebound.
9:15 of 3rd period - Off-side.
9:16 of 3rd period - Steven Stamkos wins face-off versus Paul Cotter in neutral zone.
9:34 of 3rd period - Nicolas Deslauriers is hit by Devon Toews and loses puck.
9:48 of 3rd period - Danton Heinen is hit by Devon Toews and loses puck.
10:04 of 3rd period - Andrew Mangiapane is hit by Josh Morrissey and loses puck.
10:05 of 3rd period - Minor Penalty to Devon Toews for Slashing.
10:06 of 3rd period - Jordan Staal wins face-off versus Brayden Point in Florida Panthers zone.
11:09 of 3rd period - Icing by Barrett Hayton.
11:10 of 3rd period - Jean-Gabriel Pageau wins face-off versus Barrett Hayton in Toronto Maple Leafs zone.
11:15 of 3rd period - Shot by Roman Josi.
11:15 of 3rd period - Shot Misses the Net.
11:17 of 3rd period - Shot by Adrian Kempe.
11:17 of 3rd period - Stopped by Thatcher Demko with a rebound.
11:19 of 3rd period - Shot by Adrian Kempe.
11:19 of 3rd period - Shot Misses the Net.
11:21 of 3rd period - Shot by Adrian Kempe.
11:21 of 3rd period - Stopped by Thatcher Demko with a rebound.
11:22 of 3rd period - Minor Penalty to Noah Dobson for Holding Stick.
11:23 of 3rd period - Steven Stamkos wins face-off versus Brayden Point in Toronto Maple Leafs zone.
11:38 of 3rd period - Shot by Josh Morrissey.
11:38 of 3rd period - Shot Misses the Net.
12:32 of 3rd period - Shot by Mika Zibanejad.
12:32 of 3rd period - Stopped by Thatcher Demko with a rebound.
12:34 of 3rd period - Shot by Adrian Kempe.
12:34 of 3rd period - Shot Misses the Net.
12:36 of 3rd period - Shot by Mika Zibanejad.
12:36 of 3rd period - Stopped by Thatcher Demko with a rebound.
12:38 of 3rd period - Shot by Adrian Kempe.
12:38 of 3rd period - Shot Misses the Net.
13:53 of 3rd period - Shot by J.T. Compher.
13:53 of 3rd period - Shot Blocked by Justin Schultz.
13:55 of 3rd period - Shot by Evan Bouchard.
13:55 of 3rd period - Shot Misses the Net.
13:57 of 3rd period - Shot by Jean-Gabriel Pageau.
13:57 of 3rd period - Deflect By William Carrier.
13:57 of 3rd period - Stopped by Thatcher Demko without a rebound.
13:58 of 3rd period - Jordan Staal wins face-off versus Nick Suzuki in Toronto Maple Leafs zone.
14:01 of 3rd period - Shot by Joel Eriksson Ek.
14:01 of 3rd period - Shot Misses the Net.
14:03 of 3rd period - Shot by Joel Eriksson Ek.
14:03 of 3rd period - Stopped by Thatcher Demko without a rebound.
14:04 of 3rd period - Andrew Mangiapane wins face-off versus Jordan Staal in Toronto Maple Leafs zone.
15:40 of 3rd period - Icing by Alex Pietrangelo.
15:41 of 3rd period - Adrian Kempe wins face-off versus Brayden Point in Toronto Maple Leafs zone.
15:55 of 3rd period - Icing by Evan Bouchard.
15:56 of 3rd period - Nick Suzuki wins face-off versus Mika Zibanejad in Florida Panthers zone.
15:59 of 3rd period - Shot by Nick Suzuki.
15:59 of 3rd period - Stopped by Connor Hellebuyck without a rebound.
16:00 of 3rd period - Jean-Gabriel Pageau wins face-off versus Nick Suzuki in Florida Panthers zone.
16:19 of 3rd period - Shot by J.T. Compher.
16:19 of 3rd period - Shot Misses the Net.
17:16 of 3rd period - Timo Meier is hit by Alex Pietrangelo and loses puck.
17:34 of 3rd period - Minor Penalty to Erik Karlsson for Hooking.
17:35 of 3rd period - Joel Eriksson Ek wins face-off versus Andrew Mangiapane in Florida Panthers zone.
18:04 of 3rd period - Shot by Mats Zuccarello.
18:04 of 3rd period - Stopped by Connor Hellebuyck without a rebound.
18:05 of 3rd period - Brayden Point wins face-off versus Jean-Gabriel Pageau in Florida Panthers zone.
18:06 of 3rd period - Shot by Nick Suzuki.
18:06 of 3rd period - Shot Blocked by Devon Toews.
18:08 of 3rd period - Shot by Justin Schultz.
18:08 of 3rd period - Shot Misses the Net.
18:10 of 3rd period - Shot by Nick Suzuki.
18:10 of 3rd period - Stopped by Connor Hellebuyck with a rebound.
18:54 of 3rd period - Shot by Andrew Mangiapane.
18:54 of 3rd period - Stopped by Connor Hellebuyck without a rebound.
18:55 of 3rd period - Barrett Hayton wins face-off versus Jean-Gabriel Pageau in Florida Panthers zone.
19:00 of 3rd period - Toronto Maple Leafs, Thatcher Demko is pulled from the net.
19:18 of 3rd period - Shot by Andrew Mangiapane.
19:18 of 3rd period - Stopped by Connor Hellebuyck without a rebound.
19:19 of 3rd period - Jean-Gabriel Pageau wins face-off versus Brayden Point in Florida Panthers zone.
19:44 of 3rd period - Shot by Brayden Point.
19:44 of 3rd period - Shot Misses the Net.
19:46 of 3rd period - Shot by Mats Zuccarello.
19:46 of 3rd period - Shot Misses the Net.
Goals for this period are 0 for Toronto Maple Leafs vs 0 for Florida Panthers.
Shots for this period are 12 for Toronto Maple Leafs vs 8 for Florida Panthers.